 Dungeon Crawl Stone Soup version 0.23.1 (webtiles) character file.

Game seed: 16983577210968148526

275 Chiseanne the Sneak (level 6, -1/44 HPs)
             Began as an Octopode Monk on Mar 2, 2019.
             Slain by a jackal (3 damage)
             ... on level 4 of the Dungeon.
             The game lasted 00:05:30 (2113 turns).

Chiseanne the Sneak (Octopode Monk)                 Turns: 2113, Time: 00:05:30

Health: -1/44      AC:  1    Str: 11    XL:     6   Next: 25%
Magic:  6/6        EV: 16    Int: 12    God:
Gold:   90         SH:  0    Dex: 16    Spells: 5/5 levels left

rFire    . . .     SeeInvis .   a - +0 hand axe
rCold    . . .     Gourm    .   (no shield)
rNeg     . . .     Faith    +   (helmet restricted)
rPois    .         Spirit   .   j - amulet of faith
rElec    .         Reflect  .   n - ring of wizardry
rCorr    .         Harm     .   (no ring)
MR       .....                  (no ring)
Stlth    +++++.....             (no ring)
HPRegen  0.14/turn              (no ring)
MPRegen  0.10/turn              (no ring)
                                (no ring)
                                (no ring)

@: lethally poisoned (-1 -> -15)
A: almost no armour, stealthy swim, amphibious, 8 rings, constrict 8, camouflage
1, gelatinous body 1
a: no special abilities


You were on level 4 of the Dungeon.
You were not hungry.

You visited 1 branch of the dungeon, and saw 4 of its levels.

You collected 90 gold pieces.

Inventory:

Hand Weapons
 a - a +0 hand axe (weapon)
 o - a +2 spear of venom
Missiles
 c - 27 arrows
 e - 11 poisoned needles
 g - 6 needles of confusion
 h - 60 stones (quivered)
 q - 37 bolts
 s - 2 tomahawks
Jewellery
 j - an amulet of faith (around mantle)
 n - a ring of wizardry (left tentacle)
Wands
 f - a wand of disintegration (8)
Scrolls
 k - 3 scrolls of remove curse
Potions
 i - a potion of lignification {unknown}
 m - a potion of degeneration {unknown}
Comestibles
 b - 5 rations


   Skills:
 * Level 4.5 Fighting
 - Level 3.0 Axes
 * Level 4.5 Dodging
 * Level 5.7 Stealth


You had 5 spell levels left.
You didn't know any spells.
Your spell library was empty.

Dungeon Overview and Level Annotations

Branches:
Dungeon (4/15)             Temple (0/1) D:4

Altars:
Dithmenos
Hepliaklqana
Trog
Xom

Annotations:
D:3 Purgy
D:4 1 transporter, Mandevil's ghost, amateur CeNe


Innate Abilities, Weirdness & Mutations

You cannot wear most types of armour.
You are very stealthy in the water. (Stealth+)
You are amphibious.
You can wear up to eight rings at the same time.
You can use your tentacles to constrict eight enemies at once.
Your skin changes colour to match your surroundings (Stealth+).
Your rubbery body absorbs attacks. (AC +1, EV +1)


Message History

The gnoll hits you from afar with a cursed -2 spear.
A gnoll comes into view.
The jackal closely misses you.
A gnoll comes into view.
A gnoll comes into view. It is wielding a +0 club.
The gnoll hits you from afar with a +0 spear.
* * * LOW HITPOINT WARNING * * *
* * * LOW HITPOINT WARNING * * *
You feel sick. The jackal barely misses you. The jackal closely misses you.
* * * LOW HITPOINT WARNING * * *
You feel sick.
The jackal splashes around in the water.
All of the chunks of flesh in your inventory have rotted away.
* * * LOW HITPOINT WARNING * * *
You feel sick.
The gnoll shouts!
You hear a shout! x8
It was a potion of magic.
Magic courses through your body.
* * * LOW HITPOINT WARNING * * *
You feel sick. The jackal bites you.
You die...

...≈≈≈.#,+,,,,+,,,,,,,,,,,,,,,,,,
P..≈≈≈.#,+,,,,+,,,,,,,,.g.,,,,,,,
...≈≈≈.#,************##g'##******
...≈≈≈.#.#,,,,,******#....###****
...≈≈≈.#g#,,,,,+,,,,,'...g'.,,,,+
...)≈###'#,,,,,******#.g..#******
..P≈≈#...#############''''#######
...≈≈#.g.#.......hg..g...........
...≈≈#####≈≈≈≈≈≈@≈g†≈≈....≈≈≈≈≈≈≈
...≈≈≈≈≈≈≈≈≈≈≈≈≈≈≈≈≈≈≈)...≈≈≈≈≈≈h
...≈≈≈≈≈≈≈≈≈≈≈≈≈≈≈g≈≈≈....≈≈≈≈≈≈≈
............................g)...
##########<.#####...###.####.....
#........).###.####..###
#.###......[.........#** #.#
#.##############.#,, #.###.##
#.#**


You could see 4 gnolls and a jackal.

Vanquished Creatures
  Menkaure (D:4)
  An iguana (D:4)
  3 adders (D:2)
  6 gnolls (D:4)
  An ooze (D:1)
  A worm (D:2)
  A dart slug (D:1)
  2 bats
  5 giant cockroaches
  2 hobgoblins (D:1)
  3 jackals (D:4)
  3 kobolds
  2 quokkas
  2 ball pythons (D:3)
  4 frilled lizards
  3 goblins
  3 rats
43 creatures vanquished.

Notes
Turn   | Place    | Note
-------+----------+-------------------------------------------
     0 | D:1      | Chiseanne the Octopode Monk began the quest for the Orb.
     0 | D:1      | Reached XP level 1. HP: 16/16 MP: 1/1
   188 | D:1      | Reached skill level 3 in Stealth
   208 | D:1      | Reached XP level 2. HP: 21/21 MP: 2/2
   520 | D:1      | Found a burning altar of Makhleb.
   522 | D:1      | Found a shimmering altar of Xom.
   522 | D:1      | Found a shadowy altar of Dithmenos.
   524 | D:1      | Found a shadowy altar of Dithmenos.
   524 | D:1      | Found a shadowy altar of Dithmenos.
   524 | D:1      | Found a hazy altar of Hepliaklqana.
   779 | D:2      | Reached XP level 3. HP: 26/26 MP: 3/3
  1152 | D:2      | Reached skill level 4 in Stealth
  1181 | D:2      | Reached XP level 4. HP: 21/32 MP: 4/4
  1423 | D:2      | You fall through a shaft for 2 floors!
  1601 | D:4      | Noticed Mandevil's ghost (amateur CeNe)
  1602 | D:4      | Found a transporter.
  1602 | D:4      | Noticed an ogre
  1858 | D:3      | Noticed Purgy
  1909 | D:4      | Reached XP level 5. HP: 26/37 MP: 5/5
  2003 | D:4      | Found a bloodstained altar of Trog.
  2009 | D:4      | Noticed Menkaure
  2018 | D:4      | Killed Menkaure
  2018 | D:4      | Reached skill level 5 in Stealth
  2018 | D:4      | Reached XP level 6. HP: 38/44 MP: 6/6
  2113 | D:4      | HP: 2/44 [poisoned by a gnoll]
  2113 | D:4      | Slain by a jackal

Skill      XL: |  1  2  3  4  5 |
---------------+----------------+-----
Stealth        | 3 4 5 |  5.7
Fighting       | 4 |  4.5
Dodging        | 4 |  4.5
Axes           | |  3.0

Action                   |  1- 3 |  4- 6 || total
-------------------------+-------+-------++-------
Melee: Hand axe          |    49 |    42 ||    91
       Tentacles         |    10 |    10 ||    20
       Constrict         |    11 |    12 ||    23
  Use: Scroll            |       |     7 ||     7
       Potion            |       |     1 ||     1
 Stab: Sleeping          |    10 |     9 ||    19
       Distracted        |     1 |     1 ||     2
  Eat: Chunk             |     1 |     3 ||     4
Armor: Skin              |     2 |     4 ||     6
Dodge: Dodged            |    26 |    39 ||    65
